 Dungeon Crawl Stone Soup version 0.30.0-29-ga12c61a403 (webtiles) character file.

Game seed: 6959386143426016251

75491 ChadusMaximus the Convoker (level 15, -5/120 HPs)
             Began as a Barachi Summoner on June 22, 2023.
             Was a Priest of Ashenzari.
             Killed from afar by an orc sorcerer (30 damage)
             ... with a bolt of fire
             ... while paralysed by an orc sorcerer
             ... on level 1 of the Orcish Mines.
             The game lasted 00:49:16 (26005 turns).

ChadusMaximus the Convoker (Barachi Summoner)      Turns: 26005, Time: 00:49:17

Health: -5/120     AC: 15    Str: 10    XL:     15   Next: 50%
Magic:  54/54      EV:  2    Int: 25    God:    Ashenzari [***...]
Gold:   1585       SH:  0    Dex: 11    Spells: 34/49 levels left

rFire   . . .        c - staff of earth "Plog" {rC++ MP+9 Int+3 Dex-2}
rCold   + + +        G - +2 kite shield {rC+}
rNeg    . . .        V - +3 steam dragon scales
rPois   .            a - +0 hat of the Distant Servitude {Comp, Range} (curse)
rElec   .            H - +0 cloak of the Fated Monotheism {Cun, Self} (curse)
rCorr   .            Y - +0 pair of gloves "Fetters of Ashenzari" {Melee, Bglg} (curse)
SInv    +            L - +0 pair of boots
Will    +....        F - amulet of the Gnostic Sphere {RegenMP, Evo, Fort} (curse)
Stlth   ++           g - ring of magical power
HPRegen 0.40/turn    w - ring of the Chained Prison {AC+4, Elem, Bglg} (curse)
MPRegen 0.74/turn

%: clarity
@: paralysed, unable to hop, studying Air Magic, slow
A: amphibious, slowness 1, strong legs 2, +LOS
a: Hop, Renounce Religion, Curse Item, Shatter the Chains


You were on level 1 of the Orcish Mines.
You worshipped Ashenzari.
Ashenzari was most pleased with you.
You visited 4 branches of the dungeon, and saw 21 of its levels.
You also visited: Sewer and Ice Cave.

You collected 1585 gold pieces.

Inventory:

Missiles
 W - 3 throwing nets
Armour
 a - the cursed +0 hat of the Distant Servitude (worn) {Comp, Range}
   (You found it in an ice cave)

   It has a curse which improves the following skills: Companions: Summonings
   and Necromancy.
   Ranged Combat: Ranged Weapons and Throwing.
 x - the +3 chain mail "Balun" {Regen+}
   (You found it in an ice cave)

   Regen:     It increases your rate of health regeneration.
 G - a +2 kite shield of cold resistance (worn)
 H - the cursed +0 cloak of the Fated Monotheism (worn) {Cun, Self}
   (You found it on level 4 of the Lair of Beasts)

   It has a curse which improves the following skills: Cunning: Dodging and
   Stealth.
   Introspection: Fighting and Spellcasting.
 L - a +0 pair of boots (worn)
 O - +0 swamp dragon scales
 V - +3 steam dragon scales (worn)
 Y - the cursed +0 pair of gloves "Fetters of Ashenzari" (worn) {Melee, Bglg}
   (You found it on level 5 of the Lair of Beasts)

   It has a curse which improves the following skills: Melee Combat: Short
   Blades, Long Blades, Axes, Maces & Flails, Polearms, Staves and Unarmed
   Combat.
   Beguiling: Conjurations, Hexes and Translocations.
 Z - a +2 plate armour of cold resistance
Magical Staves
 c - the staff of earth "Plog" (weapon) {rC++ MP+9 Int+3 Dex-2}
   (You found it in an ice cave)

   [staff of earth]

   Base accuracy: +5 Base damage: 5 Base attack delay: 1.2 This weapon's minimum
   attack delay (0.6) is reached at skill level 12.
   Int:       It affects your intelligence (+3).
   Dex:       It affects your dexterity (-2).
   rC:        It greatly protects you from cold.
   MP:        It affects your magic capacity (+9).
   It falls into the 'Staves' category.
   It is a one-handed weapon.
Jewellery
 g - a ring of magical power (left hand)
 w - the cursed ring of the Chained Prison (right hand) {AC+4, Elem, Bglg}
   (You took it off a gnoll on level 3 of the Dungeon)

   [ring of protection]

   AC:        It affects your AC (+4).
   It has a curse which improves the following skills: Elements: Fire Magic, Ice
   Magic, Air Magic and Earth Magic.
   Beguiling: Conjurations, Hexes and Translocations.
 F - the cursed amulet of the Gnostic Sphere (around neck) {RegenMP, Evo, Fort}
   (You found it on level 3 of the Lair of Beasts)

   [amulet of magic regeneration]

   It increases your rate of magic regeneration.
   It has a curse which improves the following skills: Evocations: Evocations.
   Fortitude: Armour and Shields.
 I - a ring of protection from cold
 J - a ring of ice
 X - an amulet of the acrobat
Wands
 B - a wand of flame (16)
 K - a wand of mindburst (36)
 P - a wand of paralysis (13)
 Q - a wand of light (3)
 S - a wand of polymorph (6)
Scrolls
 d - 3 scrolls of magic mapping
 e - 7 scrolls of fog
 h - 8 scrolls of vulnerability
 i - 3 scrolls of blinking
 k - 6 scrolls of amnesia
 l - 10 scrolls of teleportation
 n - a scroll of butterflies
 r - 2 scrolls of silence
 u - 3 scrolls of brand weapon
 v - a scroll of enchant weapon
 y - 2 scrolls of torment
 C - 4 scrolls of poison
 M - 3 scrolls of noise
 N - 2 scrolls of enchant armour
 T - 2 scrolls of fear
Potions
 f - 5 potions of curing
 j - 7 potions of brilliance
 m - 2 potions of invisibility
 o - 4 potions of lignification
 p - 3 potions of resistance
 q - 3 potions of flight
 s - 4 potions of mutation
 t - 3 potions of degeneration
 z - 3 potions of might
 A - a potion of berserk rage
 D - 5 potions of attraction
 E - 3 potions of ambrosia
 R - 2 potions of haste
 U - 5 potions of cancellation


   Skills:
 - Level 10.6(12.1) Fighting
 - Level 10.1(11.6) Dodging
 - Level 1.8(3.0) Stealth
 * Level 7.9(9.4) Shields
 - Level 16.5(17.9) Spellcasting
 - Level 19.5(20.8) Summonings


You had 34 spell levels left.
You knew the following spells:

 Your Spells              Type           Power      Damage    Failure   Level
b - Call Canine Familiar  Summ           91%        N/A       0%          3
c - Call Imp              Summ           100%       N/A       0%          2
d - Summon Lightning Spi  Summ/Air       66%        N/A       1%          4
e - Summon Cactus Giant   Summ           45%        N/A       1%          6

Your spell library contained the following spells:

 Spells                   Type           Power      Damage    Failure   Level
 Summon Small Mammal      Summ           100%       N/A       0%          1
 Summon Guardian Golem    Hex/Summ       66%        N/A       1%          3
 Animate Armour           Summ/Erth      100%       N/A       1%          4
 Summon Forest            Summ/Tloc      33%        N/A       2%          5
 Summon Mana Viper        Hex/Summ       66%        N/A       2%          5
 Apportation              Tloc           46%        N/A       6%          1
 Kiss of Death            Conj/Necr      92%        2d12      6%          1
 Necrotise                Necr           92%        1d8       6%          1
 Sting                    Tmut/Pois      88%        1d7       7%          1
 Ensorcelled Hibernation  Hex/Ice        46%        N/A       9%          2
 Poisonous Vapours        Pois/Air       44%        N/A       10%         2
 Sublimation of Blood     Necr           23%        N/A       10%         2
 Dazzling Flash           Conj/Hex       46%        N/A       17%         3
 Portal Projectile        Hex/Tloc       46%        N/A       17%         3
 Tukima's Dance           Hex            23%        N/A       17%         3
 Ignite Poison            Fire/Tmut/Pois 22%        N/A       19%         3
 Stone Arrow              Conj/Erth      70%        3d11      19%         3
 Vampiric Draining        Necr           23%        2d7       19%         3
 Vhi's Electric Charge    Tloc/Air       46%        N/A       19%         3
 Volatile Blastmotes      Fire/Tloc      46%        2d13      19%         3
 Spider Form              Tmut/Pois      22%        N/A       21%         3
 Cause Fear               Hex            11%        N/A       50%         4
 Iskenderun's Mystic Bla  Conj/Tloc      23%        2d6       50%         4
 Anguish                  Hex/Necr       11%        N/A       52%         4
 Olgreb's Toxic Radiance  Pois           22%        N/A       54%         4
 Haunt                    Necr/Summ      33%        N/A       58%         7
 Spellforged Servitor     Conj/Summ      33%        N/A       58%         7
 Dragon's Call            Summ           45%        N/A       77%         9
 Agony                    Necr           23%        N/A       86%         5
 Arcjolt                  Conj/Air       11%        1d21      86%         5
 Blade Hands              Tmut           11%        N/A       88%         5
 Plasma Beam              Fire/Air       11%        2x1d24    100%        6
 Simulacrum               Ice/Necr       11%        N/A       100%        6
 Starburst                Conj/Fire      11%        6d5       100%        6
 Dragon Form              Tmut           11%        N/A       100%        7
 Ozocubu's Refrigeration  Ice            11%        4d10      100%        7
 Lehudib's Crystal Spear  Conj/Erth      17%        10d5      100%        8
 Fire Storm               Conj/Fire      11%        8d3       100%        9
 Polar Vortex             Ice            11%        N/A       100%        9


Dungeon Overview and Level Annotations

Branches:
Dungeon (14/15)            Temple (1/1) D:7            Lair (5/5) D:9
 Shoals (0/4) Lair:3        Snake (0/4) Lair:3        Slime (0/5) Lair:5
    Orc (1/2) D:11          Sewer (visited)           IceCv (visited)
 Vaults: D:13-14

Altars:
Ashenzari
Cheibriados
Dithmenos
Elyvilon
Fedhas
Gozag
Hepliaklqana
Kikubaaqudgha
Makhleb
Nemelex Xobeh
Okawaru
Qazlal
Ru
Sif Muna
Trog
Uskayaw
Vehumet
Wu Jian
Xom
Yredelemnul
Zin
The Shining One
Jiyva

Shops:
D:1 :   D:2 *

Annotations:
Orc:1 Jorgrun


Innate Abilities, Weirdness & Mutations

You are amphibious.
You cover ground slowly.
You can hop long distances.
You have an extended range of vision and can be seen from far away.


Message History

Press: ? - help, Dir - move target
Found 11 gold pieces.
Boing!
Casting: Call Canine Familiar (safe; 0% risk of failure)
Confirm with . or Enter, or press ? or * to list all spells.
An electric hum fills the air.
Casting: Summon Lightning Spire (mildly dangerous; 1% risk of failure)
Confirm with . or Enter, or press ? or * to list all spells.
You hear a grinding noise.
Casting: Call Canine Familiar (safe; 0% risk of failure)
Confirm with . or Enter, or press ? or * to list all spells.
Found 28 gold pieces.
Your cactus giant hits the orc with a +0 giant spiked club!
Magic courses through your body.
The orc is struck by your cactus giant's spines.
The orc dies!
Okay, then.
You feel better.
The orc warrior unwields a +0 mace.
The orc warrior wields a +0 arbalest.
The orc warrior shoots a bolt.
The bolt closely misses you.
You hear a grinding noise.
You block the orc's attack.
The orc sorcerer shouts, "Entram moth deg ulag!"
You block the orc's attack.
Casting: Summon Cactus Giant (mildly dangerous; 1% risk of failure)
Confirm with . or Enter, or press ? or * to list all spells.
You don't know that spell.
You hear a grinding noise.
You block the orc's attack.
The orc warrior shoots a bolt.
The bolt closely misses you.
Your cactus giant hits the orc with a +0 giant spiked club!
The orc dies!
You hear a grinding noise.
The orc sorcerer casts a spell at you.
You suddenly lose the ability to move!
The ogre closely misses your warg.
The orc sorcerer wildly gestures.
The orc sorcerer glows brightly for a moment.
The orc sorcerer casts a spell at you. The bolt of fire hits you!!
You die...

o3oo.., , * ......... ,,
* * ** ......#.., * ,
.......#.. * * ### *
...>...##.### *#.##
...........#.##...*
.......##.....##.##
.........#...###
......#....@##.##
,,.......#...h....#
.......o..O....###
...........).##..##
#.........8C.o....##
..............#..#.####
, ,
#.#...........).#.....##
##.$..#............o.#
,..............##.#.o.#


You could see an orc sorcerer, an orc warrior, an ogre, a friendly cactus giant
(summoned), a friendly warg (summoned) and a friendly lightning spire
(summoned).

Vanquished Creatures
  A harpy (Lair:5)
  An elephant (Lair:5)
  An ice statue (IceCv)
  2 black mambas (Lair:5)
  A komodo dragon (Lair:3)
  A troll (D:10)
  A hornet (Lair:5)
  2 blink frogs
  2 yaks (D:9)
  A wyvern (Lair:5)
  2 vampire mosquitoes (D:11)
  An orc warrior (D:11)
  A centaur (D:9)
  A wolf (D:8)
  A phantom (D:5)
  3 bullfrogs
  2 two-headed ogre simulacra (IceCv)
  A wight (D:6)
  An orc priest (D:11)
  A sleepcap (D:3)
  2 iguanas (Lair:1)
  A gnoll (D:3)
  4 adders
  A white imp (D:6)
  An ufetubus (IceCv)
  A worm (D:4)
  7 orcs
  4 endoplasms
  6 giant cockroaches
  4 goblins
  6 hobgoblins
  A jackal (D:2)
  2 kobolds (D:1)
  4 quokkas
  5 ball pythons
  A bat (D:1)
  9 frilled lizards
  4 rats
90 creatures vanquished.

Vanquished Creatures (collateral kills)
  Rupert (Lair:3)
  Josephine (D:10)
  2 hydras
  4 two-headed ogres
  A merfolk avatar (Lair:5)
  2 catoblepae
  3 centaur warriors
  A boulder beetle (Lair:3)
  7 death yaks (Lair:5)
  2 tengu warriors (D:14)
  4 skysharks
  2 bog bodies (IceCv)
  Pikel (D:8)
  A lindwurm (Lair:5)
  A wizard (D:14)
  3 harpies
  A necromancer (Lair:4)
  2 deep elf pyromancers (D:13)
  3 ugly things
  2 manticores
  16 elephants
  2 cyclopes
  Joseph (D:8)
  14 cane toads
  4 black mambas
  A torpor snail (Lair:3)
  4 kobold demonologists (D:12)
  5 rime drakes
  3 gargoyles
  Maggie (D:8)
  9 komodo dragons
  2 yaktaurs (shapeshifter)
  2 tengu conjurers (D:13)
  An ice devil (IceCv)
  2 anaconda simulacra (IceCv)
  5 trolls
  A hornet (D:7)
  3 polar bears
  2 wind drakes (Lair:5)
  12 blink frogs
  5 dream sheep (Lair:5)
  Sigmund (D:5)
  A spriggan (shapeshifter) (D:13)
  59 yaks
  3 dire elephant simulacra (IceCv)
  2 shadows
  2 wyverns
  12 wraiths
  Eustachio (D:5)
  4 basilisks
  Grum (D:8)
  5 vampire mosquitoes
  4 steam dragons
  A naga (Lair:3)
  A hydra simulacrum (IceCv)
  2 wargs (D:9)
  5 sky beasts
  13 water moccasins
  3 orc warriors
  A black bear (D:8)
  3 elephant zombies (Lair:4)
  A swamp drake (Lair:1)
  10 centaurs
  11 wolves
  4 lemures (D:8)
  4 kobold brigands
  5 bullfrogs
  2 two-headed ogre simulacra (IceCv)
  4 scorpions
  A gnoll sergeant (D:8)
  A cane toad simulacrum (IceCv)
  19 wights
  2 elephant simulacra (IceCv)
  5 electric eels
  7 howler monkeys
  A basilisk zombie (Lair:4)
  2 hounds
  5 jellies
  10 orc priests
  A gnoll bouda (D:7)
  A sleepcap (D:7)
  15 iguanas
  7 orc wizards
  A troll simulacrum (IceCv)
  2 spriggan simulacra (IceCv)
  14 gnolls
  4 naga simulacra (IceCv)
  11 adders
  3 shadow imps
  16 white imps
  7 ufetubi (IceCv)
  4 worms
  47 orcs
  7 endoplasms (Sewer)
  4 giant cockroaches
  2 hobgoblins
  6 quokkas
  6 ball pythons
  A bat (D:1)
  21 frilled lizards
  3 goblins
  21 kobolds
  A rat (D:3)
  3 butterflies
565 creatures vanquished.

Grand Total: 655 creatures vanquished

Notes
Turn   | Place    | Note
-------+----------+-------------------------------------------
     0 | D:1      | ChadusMaximus the Barachi Summoner began the quest for the
                  | Orb.
     0 | D:1      | Reached XP level 1. HP: 13/13 MP: 3/3
   108 | D:1      | Found Ahoesh's Book Shop.
   125 | D:1      | Reached skill level 5 in Summonings
   252 | D:1      | Reached XP level 2. HP: 19/19 MP: 5/5
  1521 | D:2      | Found Yjagimao's General Store.
  1531 | D:2      | Reached XP level 3. HP: 23/24 MP: 6/6
  1892 | D:2      | Found a faded altar of an unknown god.
  1950 | D:2      | Learned a level 3 spell: Call Canine Familiar
  1953 | D:2      | Learned a level 2 spell: Call Imp
  1970 | D:3      | Found a hide-covered altar of Uskayaw.
  1988 | D:3      | Reached skill level 6 in Summonings
  1988 | D:3      | Reached XP level 4. HP: 17/30 MP: 3/8
  2551 | D:4      | Found an ornate altar of the Wu Jian Council.
  2567 | D:4      | Reached XP level 5. HP: 35/35 MP: 5/10
  2878 | D:4      | Found an iron altar of Okawaru.
  3404 | D:3      | Reached skill level 7 in Summonings
  3661 | D:5      | Entered Level 5 of the Dungeon
  3672 | D:5      | Reached XP level 6. HP: 38/41 MP: 5/11
  3984 | D:5      | Reached skill level 8 in Summonings
  4102 | D:5      | Reached XP level 7. HP: 46/46 MP: 9/13
  4328 | D:5      | Noticed Sigmund
  4345 | D:5      | Learned a level 4 spell: Summon Lightning Spire
  4468 | D:5      | Killed Sigmund
  4469 | D:5      | Reached skill level 5 in Spellcasting
  4469 | D:5      | Reached skill level 9 in Summonings
  4523 | D:5      | Found a shimmering altar of Xom.
  4524 | D:5      | Noticed Eustachio
  4549 | D:5      | Killed Eustachio
  4550 | D:5      | Reached XP level 8. HP: 47/52 MP: 10/16
  4606 | D:5      | Reached skill level 10 in Summonings
  5265 | D:6      | Found a glowing drain.
  5398 | Sewer    | Entered a sewer
  5838 | Sewer    | Reached skill level 11 in Summonings
  6298 | D:6      | Reached XP level 9. HP: 24/57 MP: 14/19
  6448 | D:6      | Reached skill level 12 in Summonings
  6583 | D:6      | Found an opulent altar of Gozag.
  6731 | D:6      | Found a radiant altar of Vehumet.
  7520 | D:7      | Learned a level 6 spell: Summon Cactus Giant
  7736 | D:7      | Noticed a hornet
  7738 | D:7      | Killed a hornet
  7739 | D:7      | Reached skill level 13 in Summonings
  7848 | D:7      | Found a snail-covered altar of Cheibriados.
  7888 | D:7      | Found a staircase to the Ecumenical Temple.
  7907 | Temple   | Entered the Ecumenical Temple
  8149 | Temple   | Became a worshipper of Ashenzari the Shackled
  8475 | D:7      | Noticed a manticore
  8487 | D:7      | Killed a manticore
  8553 | D:7      | Reached skill level 14 in Summonings
  8553 | D:7      | Reached XP level 10. HP: 63/63 MP: 17/22
  9133 | D:8      | Noticed Maggie
  9147 | D:8      | Killed Maggie
  9444 | D:8      | Reached * piety under Ashenzari
  9536 | D:8      | Found a blossoming altar of Fedhas.
  9542 | D:8      | Noticed Joseph
  9566 | D:8      | Killed Joseph
  9641 | D:8      | Noticed a two-headed ogre
  9641 | D:8      | Noticed Pikel
  9652 | D:8      | Killed a two-headed ogre
  9653 | D:8      | Reached skill level 15 in Summonings
  9653 | D:8      | Killed Pikel
  9742 | D:8      | Noticed Grum
  9762 | D:8      | Killed Grum
 10677 | D:9      | Reached skill level 16 in Summonings
 10681 | D:9      | Reached XP level 11. HP: 28/68 MP: 12/24
 10894 | D:9      | Reached skill level 1 in Fighting
 11371 | D:9      | Found a staircase to the Lair.
 11441 | D:9      | Noticed a two-headed ogre
 11454 | D:9      | Killed a two-headed ogre
 11455 | D:9      | Reached skill level 5 in Dodging
 11537 | D:9      | Reached skill level 5 in Fighting
 11543 | D:9      | Reached ** piety under Ashenzari
 12007 | D:10     | Entered Level 10 of the Dungeon
 12009 | D:10     | Noticed a brown ugly thing
 12014 | D:10     | Killed a brown ugly thing
 12138 | D:10     | Reached *** piety under Ashenzari
 12471 | D:10     | Noticed Josephine
 12483 | D:10     | Killed Josephine
 12484 | D:10     | Reached XP level 12. HP: 68/96 MP: 19/27
 12738 | D:10     | Noticed a two-headed ogre
 12746 | D:10     | Killed a two-headed ogre
 12896 | D:10     | Found a stormy altar of Qazlal.
 13091 | Lair:1   | Entered Level 1 of the Lair of Beasts
 14543 | Lair:2   | Identified the Omnibus of Reshaped Command
 14635 | Lair:2   | Reached skill level 10 in Fighting
 14808 | Lair:2   | Noticed a seven-headed hydra
 14819 | Lair:2   | Killed a seven-headed hydra
 14820 | Lair:2   | Reached skill level 10 in Dodging
 15087 | Lair:2   | Reached skill level 10 in Spellcasting
 15713 | Lair:3   | Noticed a skyshark
 15864 | Lair:3   | Gained mutation: You can hop long distances. [Barachi
                  | growth]
 15864 | Lair:3   | Reached XP level 13. HP: 104/108 MP: 22/29
 15939 | Lair:3   | Found a staircase to the Snake Pit.
 16042 | Lair:3   | Found a staircase to the Shoals.
 16052 | Lair:3   | Reached skill level 17 in Summonings
 16108 | Lair:3   | Noticed Rupert
 16118 | Lair:3   | Killed Rupert
 16360 | Lair:3   | Reached **** piety under Ashenzari
 18332 | Lair:4   | Reached skill level 18 in Summonings
 18413 | Lair:4   | Reached XP level 14. HP: 40/118 MP: 26/34
 18648 | Lair:4   | Found a shimmering altar of Xom.
 19063 | Lair:5   | Entered Level 5 of the Lair of Beasts
 19683 | Lair:5   | Paralysed by a hornet for 2 turns
 19806 | Lair:5   | Reached skill level 15 in Spellcasting
 20304 | Lair:5   | Reached skill level 19 in Summonings
 20458 | Lair:5   | Reached ***** piety under Ashenzari
 20621 | Lair:5   | Found a staircase to the Slime Pits.
 20638 | Lair:5   | Found a viscous altar of Jiyva.
 21635 | D:11     | Found a frozen archway.
 21661 | IceCv    | Entered an ice cave
 22246 | IceCv    | Identified the staff of earth "Plog" {rC++ MP+9 Int+3
                  | Dex-2}
 22257 | IceCv    | Reached XP level 15. HP: 50/124 MP: 37/37
 22518 | IceCv    | Identified the +3 chain mail "Balun" {Regen+}
 22519 | IceCv    | Identified the Reference Book on Abhorrent Mysteries and
                  | Embers
 23243 | D:11     | Found a staircase to the Orcish Mines.
 23271 | D:11     | Reached skill level 1 in Shields
 23707 | D:12     | Identified the +4 quarterstaff of Qozow {heavy, rElec}
 24502 | D:13     | Reached skill level 5 in Shields
 25959 | Orc:1    | Entered Level 1 of the Orcish Mines
 25959 | Orc:1    | Noticed Jorgrun
 26004 | Orc:1    | Paralysed by an orc sorcerer for 4 turns
 26005 | Orc:1    | Killed from afar by an orc sorcerer

Illustrated notes

Levels and vault maps discovered:
D:1:      elethiomel_arrival_maze, layout_basic, serial_forest,
          infiniplex_forest_lined_2, infiniplex_forest_lined_2,
          infiniplex_forest_end_2, infiniplex_forest_clump_double, serial_shops,
          shop, kennysheep_doodads
D:2:      layout_loops_ring, dreamdust_ecumenical_altar_grove, serial_shops,
          nicolae_shop_rolling_square, chequers_big_river, dk_vineyard_1,
          grunt_decor_junction, minmay_domino_4
D:3:      layout_rooms, general_overflow_altar, roderic_three_in_a_row
D:4:      layout_loops_ring, nicolae_wu_jian_wuxing_cycle, okawaru_trees_1
D:5:      layout_layer_cave, xom_butterflies, minmay_misc_feat_columns,
          water_boxes_lemuel, uniq_sigmund, uniq_eustachio
D:6:      layout_layer_cave, mainiacjoe_overflow_paths, kennysheep_mini_moat,
          gup_sewer_entry_glass
D:7:      cheibrodos_barr_body, layout_gridville, slow_altar_2,
          minmay_temple_entry_slanted
D:8:      layout_basic, fedhas_altar_1, minmay_misc_feat_iff, uniq_grum,
          uniq_joseph, uniq_pikel, uniq_maggie
D:9:      layout_roguey, erik_lair_orcish_takeover, hangedman_misty_isle
D:10:     layout_roguey, marbit_many_paths, uniq_josephine
D:11:     layout_cross, hiddenorc1_lemuel, portal_ice_cave_entry_imps
D:12:     layout_basic, serial_corexii_hall, corexii_hall_statues_deadend,
          corexii_hall_statues_x
D:13:     layout_roguey, eino_curves_02
D:14:     layout_gridville, david_vaults_1, nicolae_ru_sacrificial_ziggurat,
          roderic_lattice_a
Temple:   oiseaux_autumnal_temple
Lair:1:   lemuel_reptile_caves, layout_chaotic_city, serial_bayou_shore_a,
          grunt_megastairs_1
Lair:2:   layout_regular_city, serial_bayou_shore_b, grunt_megastairs_5,
          lemuel_fruit_fields
Lair:3:   layout_chaotic_city, nicolae_shoals_entry_roost,
          guppyfry_snake_entry_garden, grunt_megastairs_4, uniq_rupert
Lair:4:   pond_and_an_island_with_a_cottage, layout_regular_city, basic_altar,
          serial_bayou_pond_b, chequers_serial_rivers_room_b, lemuel_fruit_tree,
          infiniplex_staircase_pool_2, lemuel_fruit_fields
Lair:5:   gammafunk_lair_ancient_temple, layout_cave_pods,
          nicolae_slime_entry_field_trip, st_stairs_10
Orc:1:    layout_caves, uniq_jorgrun

Skill      XL: |  1  2  3  4  5  6  7  8  9 10 11 12 13 14 15 |
---------------+----------------------------------------------+-----
Summonings     | 5 6 7 8 9 11 14 16 18 19 | 19.5
Spellcasting   | 3 4 5 6 8 9 11 13 16 | 16.5
Fighting       | 7 10 | 10.6
Dodging        | 7 10 | 10.1
Shields        | 7 |  7.9
Stealth        | |  1.8

Action                     |  1- 3 |  4- 6 |  7- 9 | 10-12 | 13-15 || total
---------------------------+-------+-------+-------+-------+-------++-------
  Melee: Unarmed           |    17 |       |       |       |       ||    17
         Short sword       |    92 |    50 |   121 |    12 |       ||   275
         Punch             |     1 |     1 |     1 |       |       ||     3
         Glaive            |       |       |       |    56 |   153 ||   209
         Staff             |       |       |       |       |    49 ||    49
   Cast: Summon Small Mamm |    12 |    12 |    34 |     2 |       ||    60
         Call Canine Famil |     1 |    11 |    24 |    32 |    76 ||   144
         Call Imp          |     1 |    13 |    19 |       |     8 ||    41
         Summon Lightning  |       |       |    11 |    39 |   108 ||   158
         Summon Cactus Gia |       |       |     6 |    53 |    97 ||   156
 Invoke: Curse Item        |       |       |       |     4 |     4 ||     8
         Shatter the Chain |       |       |       |       |     3 ||     3
Ability: Hop               |       |     2 |       |     2 |     6 ||    10
    Use: Potion            |     1 |       |       |       |     5 ||     6
         Scroll            |       |       |     7 |     3 |     6 ||    16
   Stab: Sleeping          |     5 |       |     1 |     1 |       ||     7
         Distracted        |       |       |     2 |     2 |     4 ||     8
 Armour: Robe              |    25 |     5 |    28 |    26 |    51 ||   135
         Steam dragon scal |       |       |       |       |    98 ||    98
  Dodge: Dodged            |    62 |    32 |   100 |    90 |   378 ||   662
  Block: Kite shield       |       |       |       |       |    75 ||    75
